 Dungeon Crawl Stone Soup version 0.29-a0-284-gf9362112df (webtiles) character file.

Game seed: 8418326626009494700

134 spaghetti the Insei (level 4, -5/32 HPs)
             Began as a Demonspawn Transmuter on Mar 24, 2022.
             Slain by Crazy Yiuf
             ... wielding a +3 quarterstaff of chaos
              (11 damage)
             ... on level 3 of the Dungeon.
             The game lasted 00:06:46 (3837 turns).

spaghetti the Insei (Demonspawn Transmuter)         Turns: 3837, Time: 00:06:47

Health: -5/32      AC:  2    Str: 10    XL:     4   Next: 95%
Magic:  1/7        EV: 19    Int: 17    God:
Gold:   210        SH:  0    Dex: 18    Spells: 1/7 levels left

rFire   . . .      SeeInvis .     - Unarmed
rCold   . . .      Faith    .   (shield currently unavailable)
rNeg    . . .      Spirit   .   (body armour currently unavailable)
rPois   .          Reflect  .   (helmet currently unavailable)
rElec   .          Harm     .   (cloak currently unavailable)
rCorr   .          Rampage  .   (gloves currently unavailable)
Will    .....                   (boots currently unavailable)
Stlth   ++........              (no amulet)
HPRegen 0.10/turn               y - ring of poison resistance
MPRegen 0.10/turn               (no ring)

@: spider-form, wereblooded, invisible
A: venomous fangs, tiny, ignite blood 1, (demonic touch 1)
a: End Transformation


You were on level 3 of the Dungeon.
You were a venomous arachnid creature.
You visited 1 branch of the dungeon, and saw 3 of its levels.

You collected 210 gold pieces.


Innate Abilities, Weirdness & Mutations

You are a venomous arachnid creature.
You have poisonous fangs.
You are tiny and dextrous.
Your spellcasting is less reliable in this form.
Your armour is entirely melded.
You are incapable of wielding weapons or throwing items.
Your demonic aura sometimes causes spilled blood to erupt in flames.
((Your touch may inflict minor irresistible damage on your foes.))


   Skills:
 - Level 1.0 Fighting
 - Level 1.7 Dodging
 + Level 3.5 Unarmed Combat
 - Level 2.0 Spellcasting
 + Level 3.1 Transmutations
 + Level 2.5 Poison Magic
 + Level 0.2 Evocations


You had one spell level left.
You knew the following spells:

 Your Spells              Type           Power      Damage    Failure   Level
a - Beastly Appendage     Tmut           24%        N/A       16%         1
b - Wereblood             Tmut           12%        N/A       22%         2
c - Spider Form           Tmut/Pois      11%        N/A       38%         3

Your spell library contained the following spells:

 Spells                   Type           Power      Damage    Failure   Level
 Ice Form                 Ice/Tmut       7%         N/A       87%         4
 Alistair's Intoxication  Tmut/Pois      7%         N/A       95%         5
 Borgnjor's Vile Clutch   Necr/Erth      0%         N/A       100%        5
 Eringya's Noxious Bog    Tmut/Pois      5%         N/A       100%        6

Inventory:

Hand Weapons
 c - a +0 whip {mace}
   (You took it off a kobold on level 1 of the Dungeon)
 g - a +0 dagger {short}
   (You took it off a kobold on level 1 of the Dungeon)
 h - a +0 club {mace}
   (You took it off a goblin on level 1 of the Dungeon)
 k - a +0 mace (melded) {mace}
   (You found it on level 2 of the Dungeon)
Missiles
 d - 124 stones {throwing}
 j - 3 boomerangs {throwing}
 m - 6 poisoned darts {throwing}
 x - 4 javelins {throwing}
Armour
 a - a +0 robe (melded)
 b - a +1 helmet (melded)
   (You took it off Robin on level 3 of the Dungeon)
 s - a +1 pair of gloves of infusion (melded)
   (You found it on level 3 of the Dungeon)
 u - an orb of energy (melded)
   (You found it on level 3 of the Dungeon)
Magical Staves
 o - a staff of air {!astaff}
   (You found it on level 2 of the Dungeon)
Jewellery
 y - a ring of poison resistance (left front leg)
   (You found it on level 3 of the Dungeon)
Wands
 r - a wand of iceblast (4)
   (You took it off Ijyb on level 3 of the Dungeon)
Scrolls
 n - a scroll of fog {unknown}
 q - a scroll of noise {unknown}
 t - 2 scrolls of teleportation {@r4}
 w - a scroll of enchant armour {unknown}
Potions
 e - a potion of curing {@q1}
 f - a potion of brilliance {unknown}
 i - a potion of ambrosia {unknown}
 l - 2 potions of flight {unknown}
 p - a potion of might {unknown}
 v - a potion of mutation {unknown}

Dungeon Overview and Level Annotations

Branches:
Dungeon (3/15)

Altars:
Elyvilon

Annotations:
D:3 Crazy Yiuf

#....### #. ##..## #.
♣..PP♣ #. ♣.♣.♣♣ #.
♣♣.♣♣ ## ♣.♣♣ ♣♣.♣
########## ♣.♣♣
#........# ♣♣s♣
#.######## #g# #.#
#.)..# ... #.# #.####
#...# #.# #.# #..)#
#.# #.# ##### #.# #.#
#.###.###############
#............)'.....#


You could see Crazy Yiuf (can't see you).


Message History

😎 HP[+2]
Your hp is fully restored (32).
No target in view!
No target in view!
No target in view!
No target in view!
No target in view!
No target in view!
No target in view!
No target in view!
No target in view!
No target in view!
No target in view!
No target in view!
No target in view!
Your primal bloodlust is almost over.
You howl as the wereblood boils in your veins!
Your primal bloodlust has ended.
Key pressed, stopping explore.
There is an open door, spattered with blood here.
A kobold comes into view. It is wielding a +0 short sword.
The kobold shouts! 😎 MP[+7]
Your mp is fully restored (7).
A kobold is nearby!
A kobold is nearby!
Casting: Spider Form (quite dangerous; 19% risk of failure)
Confirm with . or Enter, or press ? or * to list all spells.
Your blood is infused with primal strength. 😎 MP[-2]
You lost 2 mp, and now have 5/7 mp.
You hit the kobold.
You kill the kobold! 😎 MP[-1]
You lost 1 mp, and now have 4/7 mp.
No target in view!
You howl as the wereblood boils in your veins!
You howl as the wereblood boils in your veins!
You howl as the wereblood boils in your veins!
You howl as the wereblood boils in your veins!
You howl as the wereblood boils in your veins!
Your primal bloodlust is almost over.
You howl as the wereblood boils in your veins!
Your primal bloodlust has ended.
You see here a +0 short sword {short}.
Key pressed, stopping explore.
You see here a ball python skeleton.
Key pressed, stopping explore.
There is an open door here.
Crazy Yiuf shouts! 😎 MP[+3]
Your mp is fully restored (7).
Could not explore, unopened runed door.
Could not explore, unopened runed door.
Casting: Wereblood (safe; 9% risk of failure)
Confirm with . or Enter, or press ? or * to list all spells.
Your blood is infused with primal strength. 😎 MP[-2]
You lost 2 mp, and now have 5/7 mp.
You open the door. You barely miss Crazy Yiuf. Crazy Yiuf misses you.
You barely miss Crazy Yiuf.
Crazy Yiuf hits you with a +3 quarterstaff of chaos. 😕 HP[-6]
You take 6 damage, and now have 26/32 hp.
You thump Crazy Yiuf!
Crazy Yiuf hits you with a +3 quarterstaff of chaos!
Crazy Yiuf draws strength from your wounds!
Crazy Yiuf laughs, "Dawk turtle sizzlefizz!"
Crazy Yiuf barely misses you. 😮 HP[-9] MP[-1]
You take 9 damage, and now have 17/32 hp.
MASSIVE DAMAGE!! (PAUSE)
You lost 1 mp, and now have 4/7 mp.
You barely miss Crazy Yiuf.
Crazy Yiuf hits you with a +3 quarterstaff of chaos!
* * * LOW HITPOINT WARNING * * *
You fade into invisibility! 😱 HP[-11]
You take 11 damage, and now have 6/32 hp.
MASSIVE DAMAGE!! (PAUSE)
Press: ? - help, v - describe, . - travel
Here: Crazy Yiuf, wielding a +3 quarterstaff of chaos and wearing a +0 cloak (moderately wounded, can't see you)
An open translucent door, spattered with blood.
Unknown command.
Casting: Wereblood (safe; 9% risk of failure)
Confirm with . or Enter, or press ? or * to list all spells.
The spell is quite dangerous to miscast (19% risk of failure)!
Continue anyway?
You turn into a venomous arachnid creature.
Your +0 mace {mace} melds into your body.
Your +1 helmet melds into your body.
Your +1 pair of gloves of infusion melds into your body.
Your orb of energy melds into your body.
Your +0 robe melds into your body.
You feel magic leave your hands. Crazy Yiuf barely misses you. 😱 MP[-3]
You lost 3 mp, and now have 1/7 mp.
You barely miss Crazy Yiuf.
Crazy Yiuf hits you with a +3 quarterstaff of chaos!
You die...

Skill      XL: |  1  2  3  4 |
---------------+-------------+-----
Transmutations | 2 3 |  3.1
Poison Magic   | 1 2 |  2.5
Unarmed Combat | 3 |  3.5
Fighting       | |  1.0
Dodging        | |  1.7
Spellcasting   | |  2.0
Evocations     | |  0.2

Action                   |  1- 3 |  4- 6 || total
-------------------------+-------+-------++-------
Melee: Unarmed           |    45 |    24 ||    69
       Kick              |    11 |       ||    11
       Headbutt          |     4 |       ||     4
       Mace              |    58 |    40 ||    98
       Punch             |     2 |     1 ||     3
       Touch             |     5 |     2 ||     7
 Cast: Beastly Appendage |    14 |       ||    14
       Wereblood         |     5 |    14 ||    19
       Spider Form       |     2 |     9 ||    11
  Use: Scroll            |     1 |       ||     1
       Potion            |       |     2 ||     2
Armor: Robe              |    54 |    14 ||    68
       Skin              |     2 |    39 ||    41
Dodge: Dodged            |    89 |    52 ||   141

Levels and vault maps discovered:
D:1:      lightli_arrival_chessboard, layout_rooms
D:2:      cheibrodos_greedy_goblins, layout_loops_ring, serial_bayou,
          serial_bayou_pond_c, serial_bayou_crossing, serial_bayou_pond_b,
          serial_bayou_pond_e, serial_bayou_shore_b, serial_bayou_pond_a,
          ebering_ecumenical_altar_box, dreamdust_mushroom_princess
D:3:      layout_basic, mainiacjoe_overflow_surrounded_room, minmay_cupped,
          uniq_crazy_yiuf_cottage, uniq_jessica, uniq_robin, uniq_ijyb

Notes
Turn   | Place    | Note
-------+----------+-------------------------------------------
     0 | D:1      | spaghetti the Demonspawn Transmuter began the quest for the
                  | Orb.
     0 | D:1      | Reached XP level 1. HP: 15/15 MP: 3/3
     0 | D:1      | magus.rc [v1.9.6]
    28 | D:1      | You add the spells Alistair's Intoxication, Borgnjor's Vile
                  | Clutch and Eringya's Noxious Bog to your library.
    64 | D:1      | Reached skill level 2 in Transmutations
   614 | D:1      | Gained mutation: Your demonic aura sometimes causes spilled
                  | blood to erupt in flames. [demonic ancestry]
   614 | D:1      | Reached XP level 2. HP: 21/21 MP: 3/5
   623 | D:1      | Reached skill level 1 in Poison Magic
  1111 | D:2      | HP: 3/21 [frozen (5)]
  1468 | D:2      | Found a faded altar of an unknown god.
  1552 | D:2      | Reached skill level 3 in Unarmed Combat
  1555 | D:2      | HP: 5/21 [goblin/+0 club (4)]
  1556 | D:2      | Gained mutation: Your touch may inflict minor irresistible
                  | damage on your foes. [demonic ancestry]
  1556 | D:2      | Reached XP level 3. HP: 7/26 MP: 6/6
  1795 | D:2      | Learned a level 2 spell: Wereblood
  1799 | D:2      | Learned a level 3 spell: Spider Form
  2401 | D:3      | Noticed Ijyb
  2412 | D:3      | Killed Ijyb
  2427 | D:3      | Noticed Robin
  2437 | D:3      | Killed Robin
  2438 | D:3      | Reached skill level 2 in Poison Magic
  2438 | D:3      | Reached XP level 4. HP: 16/32 MP: 1/7
  2452 | D:3      | HP: 7/32 [goblin/+0 club[Robin] (4)]
  2453 | D:3      | HP: 3/32 [hobgoblin[Robin] (3)]
  2935 | D:3      | Noticed Jessica
  2941 | D:3      | Killed Jessica
  2942 | D:3      | Reached skill level 3 in Transmutations
  3620 | D:3      | Found a runed translucent door.
  3621 | D:3      | Noticed Crazy Yiuf
  3835 | D:3      | HP: 6/32 [Crazy Yiuf/+3 quarterstaff of chaos (11)]
  3837 | D:3      | Slain by Crazy Yiuf

Vanquished Creatures
  Jessica (D:3)
  Ijyb (D:3)
  Robin (D:3)
  2 worms
  A dart slug (D:3)
  4 endoplasms
  A giant cockroach (D:1)
  18 goblins
  10 hobgoblins
  A quokka (D:3)
  2 ball pythons
  7 bats
  3 frilled lizards
  5 kobolds
  2 rats
59 creatures vanquished.

Vanquished Creatures (others)
  3 fungi (D:3)
  2 plants (D:2)
5 creatures vanquished.

Grand Total: 64 creatures vanquished

Table legend:
 A = Non-vault XP
 B = Vault XP
 C = Vault XP percentage of total XP
 D = Non-vault monster count
 E = Vault monster count
 F = Vault count percentage of total count
                 A         B        C        D         E       F
            +---------+---------+-------+---------+---------+-------
      Total |      57 |     135 |  70.3 |      30 |      29 |  49.2
            +---------+---------+-------+---------+---------+-------
        D:1 |      14 |       0 |   0.0 |      10 |       0 |   0.0
        D:2 |      15 |      22 |  59.5 |       7 |      13 |  65.0
        D:3 |      28 |     113 |  80.1 |      13 |      16 |  55.2
            +---------+---------+-------+---------+---------+-------

Illustrated notes

Table legend:
 A = Kills in this place as a percentage of kills in entire the game.
 B = Kills by you in this place as a percentage of kills by you in the entire game.
 C = Kills by friends in this place as a percentage of kills by friends in the entire game.
 D = Other kills in this place as a percentage of other kills in the entire game.
 E = Experience gained in this place as a percentage of experience gained in the entire game.
 F = Experience gained in this place divided by the number of levels of this place that you have seen.
                   A       B       C       D       E      F
               +-------+-------+-------+-------+-------+----------------------
         Total | 100.0 | 100.0 |   N/A |   N/A | 100.0 |  64.0
       Dungeon | 100.0 | 100.0 |   N/A |   N/A | 100.0 |  64.0
               +-------+-------+-------+-------+-------+----------------------

Table legend: (Time is in decaauts)
 A = Elapsed time spent in this place.
 B = Non-inter-level travel time spent in this place.
 C = Inter-level travel time spent in this place.
 D = Time resting spent in this place.
 E = Time spent auto-exploring this place.
 F = Levels seen in this place.
 G = Mean time per level.
                   A        B        C        D        E       F      G
               +--------+--------+--------+--------+--------+-----+--------+
         Total |   3894 |   3809 |     85 |    490 |   2762 |   3 | 1298.0 |
       Dungeon |   3894 |   3809 |     85 |    490 |   2762 |   3 | 1298.0 |
               +--------+--------+--------+--------+--------+-----+--------+

Top non-repeatable levels by time:
     D:3: 1663 daAuts
     D:2: 1513 daAuts
     D:1: 717 daAuts
